 Dungeon Crawl Stone Soup version 0.23.2-1-ga50397a (webtiles) character file.

Game seed: 11010319200959347477

27961 mopl the Grappler (level 13, -3/100 HPs)
             Began as a Minotaur Transmuter on May 13, 2019.
             Was a High Priest of Cheibriados.
             Slain by a death yak (7 damage)
             ... while petrified by a basilisk
             ... on level 6 of the Lair of Beasts on May 15, 2019.
             The game lasted 00:39:07 (13294 turns).

mopl the Grappler (Minotaur Transmuter)            Turns: 13294, Time: 00:39:07

Health: -3/100     AC:  3    Str: 29    XL:     13   Next: 7%
Magic:  1/19       EV:  2    Int: 28    God:    Cheibriados [*****.]
Gold:   616        SH:  0    Dex: 32    Spells: 4/18 levels left

rFire    . . .     SeeInvis +     - Unarmed
rCold    . . .     Gourm    .   (shield currently unavailable)
rNeg     + + +     Faith    .   T - +0 robe of Imperfection {Regen+ Dex+2} (curse)
rPois    ∞         Spirit   .   (helmet restricted)
rElec    .         Reflect  .   A - +0 cloak
rCorr    .         Harm     .   (gloves currently unavailable)
MR       .....                  (no boots)
Stlth    +++.......             w - amulet of regeneration
HPRegen  1.06/turn              B - ring of see invisible
MPRegen  0.16/turn              i - ring "Sast" {rPois Dex+4 Stlth+}

@: blade hands, petrified, very slow
A: retaliatory headbutt, horns 2
a: End Transformation, Bend Time, Temporal Distortion, Slouch, Step From Time,
Renounce Religion


You were on level 6 of the Lair of Beasts.
You worshipped Cheibriados.
Cheibriados was extremely pleased with you.
You were hungry.
You had blades for hands.
You visited 3 branches of the dungeon, and saw 16 of its levels.
You also visited: Ossuary.

You collected 833 gold pieces.
You spent 217 gold pieces at shops.

Inventory:

Hand Weapons
 b - a +0 fustibalus
 F - the +6 whip of Light {holy, *Corrode +Rage rF+}
   (You took it off an orc on level 3 of the Dungeon)

   It has been blessed by the Shining One to cause great damage to the undead
   and demons.
   It protects you from fire.
   It lets you go berserk.
   It may corrode you when you take damage.
 I - a +6 blowgun
Missiles
 a - 224 arrows
 e - 398 stones (quivered)
 o - 7 tomahawks
 r - 12 javelins
 u - 4 throwing nets
 M - 48 poisoned needles
 N - 28 sling bullets
 W - 6 curare-tipped needles
Armour
 A - a +0 cloak (worn)
 D - a +0 shield
 P - a +2 pair of gloves of archery (melded)
 T - the cursed +0 robe of Imperfection (worn) {Regen+ Dex+2}
   (You found it on level 9 of the Dungeon)

   It affects your dexterity (+2).
   It increases your rate of regeneration.
   It has a curse placed upon it.
Jewellery
 i - the ring "Sast" (right scythe-like blade) {rPois Dex+4 Stlth+}
   (You found it on level 1 of the Lair of Beasts)

   [ring of stealth]

   It affects your dexterity (+4).
   It protects you from poison.
   It makes you more stealthy.
 m - an uncursed ring of fire
 w - an amulet of regeneration (around neck)
 z - an uncursed ring of protection from cold
 B - a ring of see invisible (left scythe-like blade)
 G - an uncursed ring of ice
Wands
 s - a wand of iceblast (3)
 E - a wand of disintegration (5)
 Q - a wand of digging (7)
 R - a wand of enslavement (14)
 U - a wand of flame (23)
 X - a wand of paralysis (20)
Scrolls
 f - 5 scrolls of enchant armour {unknown}
 h - 4 scrolls of remove curse
 j - 5 scrolls of fog {unknown}
 n - 3 scrolls of blinking {unknown}
 q - 5 scrolls of teleportation {unknown}
 y - a scroll of fear
 H - a scroll of silence {!r}
Potions
 g - 3 potions of flight
 k - 9 potions of curing {unknown}
 l - 4 potions of agility
 p - 3 potions of heal wounds
 t - 2 potions of brilliance
 v - a potion of ambrosia
 J - a potion of lignification {!q}
 K - a potion of magic
 O - 2 potions of invisibility
 S - a potion of cancellation
Miscellaneous
 x - a lightning rod (4/4)
Comestibles
 d - 31 rations


   Skills:
 + Level 5.3 Fighting
 + Level 5.4 Throwing
 + Level 9.3 Dodging
 * Level 13.2 Unarmed Combat
 - Level 3.0 Spellcasting
 - Level 9.0 Transmutations
 - Level 3.0 Ice Magic
 - Level 1.0 Poison Magic
 * Level 10.0 Invocations


You had 4 spell levels left.
You knew the following spells:

 Your Spells              Type           Power        Failure   Level  Hunger
b - Spider Form           Tmut/Pois      ####......   26%         3    ###....
c - Blade Hands           Tmut           ######....   34%         5    ######.
d - Ice Form              Ice/Tmut       #####...     38%         4    ####...
w - Sticks to Snakes      Tmut           ######..     10%         2    #......

Your spell library contained the following spells:

 Spells                   Type           Power        Failure   Level  Hunger
 Beastly Appendage        Tmut           ######       9%          1    None


Dungeon Overview and Level Annotations

Branches:
Dungeon (11/15)            Temple (1/1) D:6            Lair (3/6) D:9
  Swamp (0/4) Lair:2          Orc (0/2) D:10
  Snake: Lair:2-4    Spider: Lair:2-4

Altars:
Ashenzari
Cheibriados
Dithmenos
Elyvilon
Fedhas
Gozag
Hepliaklqana
Kikubaaqudgha
Makhleb
Nemelex Xobeh
Okawaru
Qazlal
Ru
Sif Muna
Trog
Uskayaw
Vehumet
Wu Jian
Xom
Yredelemnul
Zin
The Shining One
Beogh

Shops:
D:6 }   D:9 [

Annotations:
D:8 3 runed translucent doors, totalnoob's ghost, novice CeHu


Innate Abilities, Weirdness & Mutations

You reflexively headbutt those who attack you in melee.
You have a pair of horns on your head.


Message History

You assume a fearsome visage.
The spiny frog looks frightened! x2
The basilisk looks frightened!
The death yak looks frightened! x2
The death yak resists with almost no effort.
The death yak looks frightened!
The teleport trap disappears.
The basilisk disappears!
The death yak gores you.
* * * LOW HITPOINT WARNING * * *
The death yak gores you!!
* * * LOW HITPOINT WARNING * * *
Your limbs are stiffening.
Okay, then.
Unknown command.
Unknown command.
Okay, then.
Unknown command.
As you read the scroll of summoning, it crumbles to dust.
Wisps of shadow whirl around you... The death yak gores you!!
* * * LOW HITPOINT WARNING * * *
You have turned to stone.
The death yak gores you!
You die...

*,* ****#.##*### *,,##.#P##.#*##
* ***,*.........#P#**#
*****,,,,..8.....#..##.# ***
<,,,,,,,8.....8........# *,**
,,,,,,,,,..8...........# *,,*
,,,,,,,,,.......t.....## ***,
,,,,,,,8,8.%.8.8@......# *** *,,
,,,,,,,,,.......Y......#***,***,,
,,,,,,,,,..8.†..D.S....#*,,,,*,,,
,,,,,**,8.....8.......#.,,,,,,,,,
,,,,,,*,,.Y8.†..........,,,,,,,,,
,,,,,*,,,..Y........[...,,,,,,,,,
,,,,,,,,,....P..F.......,,,,,,,,,
,,,,,,,,,Y..............,,,,,,***
,,,,,,,,,,,,,,,,,,,,,,,,,*,,,,*,,


You could see 4 death yaks, a spiny frog (fleeing), a friendly six-headed hydra,
a friendly fire crab and a friendly water moccasin.

Vanquished Creatures
  4 hydras
  A death yak (Lair:6)
  An unseen horror (D:10)
  An ugly thing (D:11)
  6 elephants
  A torpor snail (Lair:3)
  2 black mambas
  Maurice (D:8)
  3 spiny frogs
  A rime drake (Lair:1)
  A gargoyle (D:9)
  A rime drake (shapeshifter) (D:11)
  The ghost of Tribosh the Insei, a novice OpTm (D:4)
  A troll (D:9)
  A hornet (D:8)
  4 dream sheep (Lair:3)
  9 hippogriffs
  A water elemental (D:11)
  A spriggan (D:7)
  A wyvern (Lair:3)
  6 basilisks
  20 yaks
  Grum (D:11)
  Menkaure (D:6)
  4 vampire mosquitoes
  3 swamp worms (Lair:2)
  An insubstantial wisp (Lair:3)
  7 porcupines
  7 water moccasins
  2 black bears
  2 ice beasts
  8 orc warriors
  6 sky beasts
  6 ogres
  5 phantoms
  A necrophage (D:6)
  8 centaurs
  An eye of draining (D:11)
  8 crocodiles
  7 wolves
  3 big kobolds
  9 bullfrogs
  A gnoll sergeant (D:5)
  A wyvern skeleton (D:10)
  10 scorpions
  8 killer bees
  5 wights (D:10)
  3 electric eels
  2 centaur zombies
  3 howler monkeys
  9 crimson imps
  A human zombie (Ossuary)
  7 orc priests
  6 hounds
  A bullfrog skeleton (D:4)
  9 iguanas
  Jessica (D:2)
  Natasha (thrice) (D:2)
  10 worker ants
  13 orc wizards
  A killer bee zombie (D:5)
  A big kobold zombie (Ossuary)
  The ghost of Hogrash the Chopper, a weakling HOMo (D:3)
  3 mummies (Ossuary)
  2 worker ant zombies
  6 gnolls (D:5)
  21 adders
  7 scorpion zombies (Ossuary)
  A shadow imp (D:10)
  An ooze (D:3)
  4 adder skeletons
  3 worms
  3 dart slugs
  8 leopard geckos
  42 orcs
  4 ball pythons
  8 bats
  5 giant cockroaches
  7 goblins
  8 hobgoblins
  5 jackals
  12 quokkas
  6 frilled lizards
  5 goblin zombies
  A hobgoblin zombie (Ossuary)
  17 kobolds
  2 orc zombies (Ossuary)
  A quokka skeleton (D:4)
  A quokka zombie (D:6)
  4 rats
  2 plants
443 creatures vanquished.

Vanquished Creatures (collateral kills)
  A scorpion (Ossuary)
  A killer bee (D:9)
  An orc (D:9)
3 creatures vanquished.

Vanquished Creatures (others)
  A scorpion (Ossuary)
  3 fungi
4 creatures vanquished.

Grand Total: 450 creatures vanquished

Notes
Turn   | Place    | Note
-------+----------+-------------------------------------------
     0 | D:1      | mopl the Minotaur Transmuter began the quest for the Orb.
     0 | D:1      | Reached XP level 1. HP: 16/16 MP: 1/1
   300 | D:1      | Reached XP level 2. HP: 11/23 MP: 1/3
   469 | D:1      | Learned a level 2 spell: Sticks to Snakes
   683 | D:1      | Reached skill level 2 in Transmutations
  1129 | D:2      | Noticed Natasha
  1132 | D:2      | Killed Natasha
  1132 | D:2      | Reached skill level 4 in Unarmed Combat
  1132 | D:2      | Reached skill level 2 in Spellcasting
  1132 | D:2      | Reached XP level 3. HP: 28/28 MP: 2/5
  1137 | D:2      | Learned a level 3 spell: Spider Form
  1163 | D:2      | Noticed Natasha
  1167 | D:2      | Killed Natasha
  1167 | D:2      | Reached XP level 4. HP: 30/35 MP: 4/6
  1228 | D:2      | Noticed Jessica
  1241 | D:2      | Killed Jessica
  1329 | D:2      | Reached skill level 1 in Poison Magic
  1363 | D:2      | Noticed Natasha
  1541 | D:2      | Killed Natasha
  1541 | D:2      | Reached XP level 5. HP: 40/40 MP: 3/7
  1614 | D:2      | Found a hazy altar of Hepliaklqana.
  1657 | D:2      | Reached skill level 3 in Transmutations
  1931 | D:3      | Found a bloodstained altar of Trog.
  2110 | D:3      | Found a runed translucent gate.
  2113 | D:3      | Found a runed translucent gate.
  2113 | D:3      | Found a runed translucent gate.
  2114 | D:3      | Identified the +6 whip of Light {holy, *Corrode +Rage rF+}
  2114 | D:3      | Identified the +1 scale mail "Wenezapp" {rElec rF- Str+5}
  2114 | D:3      | Noticed Hogrash's ghost (weakling HOMo)
  2118 | D:3      | Found a roughly hewn altar of Beogh.
  2147 | D:3      | Found a white marble altar of Elyvilon.
  2373 | D:3      | Reached skill level 5 in Unarmed Combat
  2698 | D:3      | Noticed an angel
  2699 | D:3      | Found a glowing silver altar of Zin.
  2795 | D:4      | Reached XP level 6. HP: 47/47 MP: 4/8
  2802 | D:4      | Reached skill level 1 in Throwing
  2802 | D:4      | Reached skill level 3 in Dodging
  2925 | D:4      | Found a runed translucent door.
  2926 | D:4      | Noticed Tribosh's ghost (novice OpTm)
  2981 | D:4      | Found a runed translucent door.
  3094 | D:4      | Found a shattered altar of Ashenzari.
  3575 | D:4      | Got a bloodstained leather armour
  3593 | D:4      | Identified the +1 leather armour of Racatin {Dex+4} (You
                  | found it on level 4 of the Dungeon)
  3615 | D:4      | Found an opulent altar of Gozag.
  3615 | D:4      | Found a blossoming altar of Fedhas.
  3666 | D:5      | Entered Level 5 of the Dungeon
  3677 | D:5      | Reached skill level 2 in Throwing
  3748 | D:5      | Reached XP level 7. HP: 45/52 MP: 7/9
  3977 | D:5      | Reached skill level 4 in Dodging
  3977 | D:5      | Reached skill level 4 in Transmutations
  4102 | D:5      | Reached skill level 6 in Unarmed Combat
  4160 | D:5      | Reached skill level 3 in Throwing
  4226 | D:5      | Reached XP level 8. HP: 41/59 MP: 7/10
  4398 | D:5      | Reached skill level 5 in Dodging
  4485 | D:5      | Reached skill level 7 in Unarmed Combat
  4706 | D:3      | Killed Hogrash's ghost
  4706 | D:3      | Reached skill level 5 in Transmutations
  4774 | D:4      | Learned a level 4 spell: Ice Form
  4941 | D:6      | Found Odwyg's Gadget Shoppe.
  4951 | D:6      | Reached skill level 6 in Dodging
  4951 | D:6      | Reached skill level 1 in Ice Magic
  5015 | D:6      | Noticed Menkaure
  5025 | D:6      | Killed Menkaure
  5026 | D:6      | Found a sand-covered staircase.
  5051 | Ossuary  | Entered an ossuary
  5137 | Ossuary  | Reached XP level 9. HP: 51/64 MP: 11/11
  5280 | Ossuary  | Reached skill level 2 in Ice Magic
  5622 | D:6      | Reached skill level 8 in Unarmed Combat
  5784 | D:6      | Found a staircase to the Ecumenical Temple.
  5788 | D:6      | Reached skill level 7 in Dodging
  5797 | Temple   | Entered the Ecumenical Temple
  6041 | Temple   | Became a worshipper of Cheibriados the Contemplative
  6290 | D:7      | Reached skill level 6 in Transmutations
  6316 | D:7      | Reached skill level 1 in Invocations
  6535 | D:7      | Reached skill level 3 in Ice Magic
  6546 | D:7      | Reached * piety under Cheibriados
  6554 | D:7      | Reached skill level 2 in Invocations
  7025 | D:4      | Killed Tribosh's ghost
  7025 | D:4      | Reached skill level 9 in Unarmed Combat
  7025 | D:4      | Reached skill level 3 in Invocations
  7025 | D:4      | Reached XP level 10. HP: 71/71 MP: 12/12
  7142 | D:8      | Reached ** piety under Cheibriados
  7142 | D:8      | Reached skill level 8 in Dodging
  7185 | D:8      | Noticed Maurice
  7191 | D:8      | Killed Maurice
  7205 | D:8      | Found a hide-covered altar of Uskayaw.
  7332 | D:8      | Reached skill level 4 in Invocations
  7354 | D:8      | Reached skill level 7 in Transmutations
  7418 | D:8      | Found a runed translucent gate.
  7418 | D:8      | Found a runed translucent gate.
  7418 | D:8      | Found a runed translucent gate.
  7419 | D:8      | Found an opulent altar of Gozag.
  7420 | D:8      | Noticed totalnoob's ghost (novice CeHu)
  7684 | D:9      | Noticed a gargoyle
  7697 | D:9      | Reached *** piety under Cheibriados
  7700 | D:9      | Killed a gargoyle
  7788 | D:8      | Reached skill level 10 in Unarmed Combat
  7788 | D:8      | Reached skill level 5 in Invocations
  7935 | D:9      | Noticed an elephant
  7947 | D:9      | Killed an elephant
  8023 | D:9      | Got a heavy robe
  8034 | D:9      | Identified the cursed +0 robe of Imperfection {Regen+
                  | Dex+2} (You found it on level 9 of the Dungeon)
  8133 | D:9      | Found a staircase to the Lair.
  8174 | D:9      | Reached **** piety under Cheibriados
  8189 | D:9      | Reached XP level 11. HP: 69/77 MP: 14/14
  8246 | D:9      | Reached skill level 6 in Invocations
  8271 | D:9      | Reached skill level 8 in Transmutations
  8371 | D:9      | Found Wuedd's Antique Armour Emporium.
  8374 | D:9      | Bought a pair of embroidered boots for 217 gold pieces
  8379 | D:9      | Identified a +0 pair of boots of running (You bought it in
                  | a shop on level 9 of the Dungeon)
  8531 | D:10     | Entered Level 10 of the Dungeon
  8548 | D:10     | Noticed an unseen horror
  8559 | D:10     | Killed an unseen horror
  8614 | D:10     | Got an encrusted helmet
  8641 | D:10     | Reached ***** piety under Cheibriados
  8722 | D:10     | Found a staircase to the Orcish Mines.
  8838 | D:10     | Reached skill level 3 in Spellcasting
  8841 | D:10     | Reached skill level 11 in Unarmed Combat
  8858 | D:10     | Learned a level 5 spell: Blade Hands
  9308 | D:10     | Identified a scroll of acquirement
  9465 | D:11     | Noticed a red ugly thing
  9469 | D:11     | Killed a red ugly thing
  9469 | D:11     | Reached skill level 7 in Invocations
  9809 | D:11     | Noticed a six-headed hydra
  9821 | D:11     | Killed a six-headed hydra
  9889 | D:11     | Reached skill level 9 in Transmutations
 10088 | D:11     | Reached ****** piety under Cheibriados
 10122 | D:11     | Reached skill level 8 in Invocations
 10286 | D:11     | Noticed Grum
 10292 | D:11     | Killed Grum
 10292 | D:11     | Reached XP level 12. HP: 61/85 MP: 11/17
 10330 | D:11     | Reached skill level 2 in Fighting
 10595 | Lair:1   | Entered Level 1 of the Lair of Beasts
 10698 | Lair:1   | Reached skill level 12 in Unarmed Combat
 11113 | Lair:1   | Found a glowing silver altar of Zin.
 11123 | Lair:1   | Got a smoking pewter ring
 11134 | Lair:1   | Identified the ring "Sast" {rPois Dex+4 Stlth+} (You found
                  | it on level 1 of the Lair of Beasts)
 11721 | Lair:2   | Reached skill level 3 in Fighting
 11721 | Lair:2   | Reached skill level 4 in Throwing
 11857 | Lair:2   | Noticed a seven-headed hydra
 11870 | Lair:2   | Killed a seven-headed hydra
 11892 | Lair:2   | Found a staircase to the Swamp.
 12109 | Lair:2   | Noticed a four-headed hydra
 12118 | Lair:2   | Killed a four-headed hydra
 12118 | Lair:2   | Reached skill level 9 in Invocations
 12564 | Lair:3   | Noticed an eight-headed hydra
 12583 | Lair:3   | Killed an eight-headed hydra
 12583 | Lair:3   | Reached skill level 4 in Fighting
 12622 | Lair:3   | Reached skill level 9 in Dodging
 12637 | Lair:3   | Reached skill level 5 in Throwing
 12746 | Lair:3   | Reached skill level 13 in Unarmed Combat
 12984 | Lair:3   | Reached skill level 5 in Fighting
 13272 | Lair:3   | You fall through a shaft for 3 floors!
 13272 | Lair:6   | Entered Level 6 of the Lair of Beasts
 13273 | Lair:6   | Noticed a death yak
 13274 | Lair:6   | Noticed a death yak
 13280 | Lair:6   | Noticed a death yak
 13281 | Lair:6   | Noticed a death yak
 13282 | Lair:6   | Reached XP level 13. HP: 100/100 MP: 9/19
 13291 | Lair:6   | Reached skill level 10 in Invocations
 13293 | Lair:6   | HP: 2/100 [death yak (12)]
 13294 | Lair:6   | Slain by a death yak

Skill      XL: |  1  2  3  4  5  6  7  8  9 10 11 12 13 |
---------------+----------------------------------------+-----
Transmutations | 2 3 4 5 6 7 9 |  9.0
Unarmed Combat | 4 5 6 7 9 10 11 13 | 13.2
Spellcasting   | 2 3 |  3.0
Poison Magic   | 1 |  1.0
Throwing       | 2 3 5 |  5.4
Dodging        | 3 4 6 7 8 9 |  9.3
Ice Magic      | 1 3 |  3.0
Invocations    | 3 5 8 9 10 | 10.0
Fighting       | 5 |  5.3

Action                   |  1- 3 |  4- 6 |  7- 9 | 10-12 | 13-15 || total
-------------------------+-------+-------+-------+-------+-------++-------
Melee: Unarmed           |    60 |   174 |   463 |   567 |     7 ||  1271
       Headbutt          |     9 |    15 |    62 |    99 |     4 ||   189
       Kick              |     4 |    13 |    69 |       |       ||    86
       Punch             |     1 |       |    14 |    33 |       ||    48
 Fire: Fustibalus        |       |       |       |    12 |       ||    12
       Blowgun           |       |       |       |     3 |       ||     3
 Cast: Beastly Appendage |     4 |    12 |    26 |       |       ||    42
       Spider Form       |       |     8 |    19 |    17 |       ||    44
       Sticks to Snakes  |       |       |     5 |     3 |       ||     8
       Ice Form          |       |       |     1 |    11 |       ||    12
       Blade Hands       |       |       |       |    11 |     1 ||    12
Invok: Slouch            |       |       |       |     2 |     1 ||     3
 Abil: End Transformatio |       |       |     3 |     4 |       ||     7
Evoke: Wand              |       |       |       |     6 |       ||     6
  Use: Scroll            |       |     1 |     9 |    17 |     2 ||    29
       Potion            |       |       |     2 |     1 |       ||     3
 Stab: Sleeping          |       |     1 |     1 |     7 |       ||     9
       Distracted        |       |       |       |     3 |       ||     3
  Eat: Chunk             |     1 |    10 |    15 |    21 |       ||    47
Armor: Robe              |     3 |     3 |       |    27 |       ||    33
       Leather armour    |       |     6 |    56 |     1 |       ||    63
       Skin              |       |       |     9 |    20 |       ||    29
Dodge: Dodged            |    40 |   127 |   309 |   503 |     7 ||   986
